 Dungeon Crawl Stone Soup version 0.28.0-53-g5a82cb258f (webtiles) character file.

Game seed: 373582721441654037

449 MiltankisOP the Ducker (level 7, -3/50 HPs)
             Began as an Octopode Fighter on July 12, 2022.
             Slain by a human zombie (6 damage)
             ... in an ossuary.
             The game lasted 00:08:01 (3691 turns).

MiltankisOP the Ducker (Octopode Fighter)           Turns: 3691, Time: 00:08:01

Health: -3/50      AC:  1    Str: 15    XL:     7   Next: 4%
Magic:  10/10      EV: 14    Int: 11    God:
Gold:   81         SH:  4    Dex: 13    Spells: 10/10 levels left

rFire   . . .      SeeInvis .   a - +0 long sword
rCold   . . .      Faith    .   b - +0 buckler
rNeg    . . .      Spirit   .   (helmet restricted)
rPois   .          Reflect  .   (no amulet)
rElec   .          Harm     .   p - +4 ring of slaying
rCorr   .          Rampage  .   (no ring)
Will    .....                   (no ring)
Stlth   ++........              (no ring)
HPRegen 0.16/turn               (no ring)
MPRegen 0.12/turn               (no ring)
                                (no ring)
                                (no ring)

@: no status effects
A: almost no armour, amphibious, 8 rings, camouflage 1, gelatinous body 1,
(nimble swimmer 1), tentacles
a: no special abilities


You were in an ossuary.
You visited 1 branch of the dungeon, and saw 4 of its levels.
You also visited: Ossuary.

You collected 81 gold pieces.

Inventory:

Hand Weapons
 a - a +0 long sword (weapon)
 t - a +2 whip of flaming
Armour
 b - a +0 buckler (worn)
Jewellery
 d - a ring of wizardry
 p - a +4 ring of slaying (left tentacle)
Scrolls
 h - 5 scrolls of identify {unknown}
 i - a scroll of vulnerability {unknown}
 j - a scroll of noise {unknown}
 k - a scroll of silence {unknown}
 m - 2 scrolls of magic mapping {unknown}
 n - a scroll of blinking {unknown}
 o - a scroll of immolation {unknown}
 r - 3 scrolls of amnesia {unknown}
 s - a scroll of teleportation {unknown}
Potions
 c - 2 potions of might
 e - a potion of mutation {unknown}
 f - a potion of curing {unknown}
 g - a potion of heal wounds {unknown}
 l - a potion of lignification {unknown}
 q - a potion of resistance {unknown}


   Skills:
 - Level 5.0 Fighting
 - Level 2.0 Long Blades
 - Level 5.0 Dodging
 - Level 3.0 Shields
 - Level 2.2 Spellcasting
 + Level 2.8 Ice Magic


You had 10 spell levels left.
You didn't know any spells.
Your spell library contained the following spells:

 Spells                   Type           Power      Damage    Failure   Level
 Frozen Ramparts          Ice            14%        1d3       34%         3
 Gell's Gravitas          Tloc           1%         N/A       75%         3
 Lesser Beckoning         Tloc           1%         N/A       75%         3
 Teleport Other           Tloc           1%         N/A       75%         3
 Ice Form                 Ice/Tmut       4%         N/A       90%         4
 Summon Ice Beast         Ice/Summ       4%         N/A       90%         4


Dungeon Overview and Level Annotations

Branches:
Dungeon (4/15)            Ossuary (1/1)
 Temple: D:4-7

Altars:
Ashenzari
Cheibriados
Sif Muna


Innate Abilities, Weirdness & Mutations

You cannot wear most types of armour.
You are amphibious.
You can wear up to eight rings at the same time.
Your skin changes colour to match your surroundings (Stealth+).
Your rubbery body absorbs attacks. (AC +1, EV +1)
((You are camouflaged when in or above water. (Stealth+)))
You have tentacles for arms and can constrict up to eight enemies at once.


Message History

You constrict the human zombie.
A human zombie comes into view.
The human zombie hits you.
You hit the human zombie. You squeeze the human zombie.
You destroy the human zombie!
The centaur zombie hits you. The centaur zombie kicks you.
Your Ice Magic skill increases to level 2!
You slash the centaur zombie!
The centaur zombie is moderately damaged.
The centaur zombie hits you. The centaur zombie closely misses you.
You barely miss the mummy. Your grab misses the mummy.
You squeeze the mummy, but do no damage.
You hit the mummy. You grab the mummy.
You squeeze the mummy, but do no damage.
The mummy is lightly damaged.
You constrict the mummy. The mummy hits you!
You hit the mummy. You squeeze the mummy.
The mummy is almost destroyed.
You constrict the mummy. You block the mummy's attack.
You hit the mummy.
You destroy the mummy!
The centaur zombie hits you.
* * * LOW HITPOINT WARNING * * *
The centaur zombie kicks you.
* * * LOW HITPOINT WARNING * * *
You hit the centaur zombie.
The centaur zombie is heavily damaged.
The centaur zombie hits you.
* * * LOW HITPOINT WARNING * * *
The centaur zombie kicks you.
* * * LOW HITPOINT WARNING * * *
The centaur zombie barely misses you.
The centaur zombie kicks you but does no damage.
You slash the centaur zombie! You squeeze the centaur zombie.
You destroy the centaur zombie!
You have reached level 7!
There is a gate leading back out of this place here.
Sorry, you're not good enough to have a special ability.
The human zombie hits you.
You die...

#.......#
.......
..... ...
#.# #'#
###.###
##..Z..##
#...@...#
##...∩...##
+...∩∩∩...+
##...∩...##
#.......#
##.....##
###.### #+#


You could see a human zombie.

Vanquished Creatures
  An elf zombie (Ossuary)
  A scorpion (D:4)
  A centaur zombie (Ossuary)
  A human zombie (Ossuary)
  A hound (D:1)
  An iguana (D:4)
  A mummy (Ossuary)
  4 gnolls (D:2)
  7 adders
  4 worms
  5 dart slugs
  An orc (D:3)
  8 endoplasms
  2 giant cockroaches (D:2)
  3 goblins
  9 hobgoblins
  2 quokkas
  6 ball pythons
  7 bats
  5 frilled lizards
  11 kobolds
  8 rats
89 creatures vanquished.

Notes
Turn   | Place    | Note
-------+----------+-------------------------------------------
     0 | D:1      | MiltankisOP the Octopode Fighter began the quest for the
                  | Orb.
     0 | D:1      | Reached XP level 1. HP: 16/16 MP: 1/1
   372 | D:1      | Reached XP level 2. HP: 10/21 MP: 2/2
   735 | D:1      | Found a faded altar of an unknown god.
  1200 | D:1      | Reached XP level 3. HP: 13/27 MP: 3/3
  1612 | D:2      | Reached XP level 4. HP: 32/33 MP: 4/4
  1862 | D:2      | Found a broken altar of Ashenzari.
  1948 | D:2      | Reached XP level 5. HP: 32/38 MP: 5/5
  2847 | D:3      | Found a snail-covered altar of Cheibriados.
  3195 | D:3      | Reached skill level 5 in Dodging
  3198 | D:3      | Reached skill level 5 in Fighting
  3201 | D:3      | Reached XP level 6. HP: 36/45 MP: 6/6
  3409 | D:3      | Found a shimmering blue altar of Sif Muna.
  3502 | D:4      | Reached skill level 1 in Spellcasting
  3623 | D:4      | Found a sand-covered staircase.
  3659 | Ossuary  | Entered an ossuary
  3675 | Ossuary  | Reached skill level 1 in Ice Magic
  3685 | Ossuary  | HP: 2/45 [centaur zombie (1)]
  3687 | Ossuary  | Reached XP level 7. HP: 2/50 MP: 10/10
  3691 | Ossuary  | Slain by a human zombie

Illustrated notes

Levels and vault maps discovered:
D:1:      dpeg_arrival_shelter, layout_basic,
          dreamdust_ecumenical_altar_angels_and_demons
D:2:      layout_rooms, basic_altar, chequers_jeans, minmay_indecisive_spiral
D:3:      layout_rooms, mainiacjoe_overflow_boulevard,
          kennysheep_orc_sif_temple, minmay_vboxes
D:4:      layout_cave_pools, kennysheep_little_box, minmay_temple_entry_slanted,
          nicolae_ossuary_entry_false_entrances, minmay_misc_feat_tower,
          grunt_decor_junction
Ossuary:  ossuary_minmay_four_chambers

Skill      XL: |  1  2  3  4  5  6 |
---------------+-------------------+-----
Dodging        | 4 5 |  5.0
Fighting       | 4 5 |  5.0
Spellcasting   | 2 |  2.2
Ice Magic      | 2 |  2.8
Long Blades    | |  2.0
Shields        | |  3.0

Action                   |  1- 3 |  4- 6 |  7- 9 || total
-------------------------+-------+-------+-------++-------
Melee: Long sword        |    44 |   135 |       ||   179
       Constrict         |     9 |    37 |       ||    46
       Tentacles         |     8 |    35 |       ||    43
       Punch             |       |     4 |       ||     4
 Stab: Sleeping          |     7 |     5 |       ||    12
Armor: Skin              |       |    10 |       ||    10
Dodge: Dodged            |    25 |    72 |       ||    97
Block: Buckler           |    11 |    19 |       ||    30
